 Dungeon Crawl Stone Soup version 0.24.0-37-gcf1ca852f1 (webtiles) character file.

Game seed: 8406539108699908924, levelgen mode: deterministic

599 PentaManta the Vandal (level 7, 0/44 HPs)
             Began as a Halfling Hunter on Dec 5, 2019.
             Killed from afar by an orc wizard (7 damage)
             ... with a magic dart
             ... in the Ecumenical Temple.
             The game lasted 00:06:51 (3587 turns).

PentaManta the Vandal (Halfling Hunter)             Turns: 3587, Time: 00:06:51

Health: 0/44       AC:  5    Str: 15    XL:     7   Next: 68%
Magic:  7/7        EV: 15    Int:  9    God:
Gold:   211        SH:  0    Dex: 15    Spells: 6/6 levels left

rFire    . . .     SeeInvis .   q - +0 hunting sling
rCold    . . .     Gourm    .   (shield restricted)
rNeg     . . .     Faith    .   c - +0 leather armour
rPois    +         Spirit   .   (no helmet)
rElec    .         Reflect  .   (no cloak)
rCorr    .         Harm     .   g - +1 pair of gloves
MR       .....     Rnd*Tele +   (no boots)
Stlth    +++.......             (no amulet)
HPRegen  0.14/turn              u - ring of poison resistance
MPRegen  0.10/turn              w - ring of teleportation (curse)

@: no status effects
A: small, mutation resistance 1
a: no special abilities


You were in the Ecumenical Temple.
You were very hungry.

You visited 2 branches of the dungeon, and saw 6 of its levels.

You collected 211 gold pieces.

Inventory:

Hand Weapons
 a - a +1 hand crossbow
 b - a +0 short sword
 m - a +0 dagger
 q - a +0 hunting sling (weapon)
Missiles
 d - 27 bolts
 r - 12 stones (quivered)
Armour
 c - a +0 leather armour (worn)
 g - a +1 pair of gloves (worn)
 k - a +0 shield
Jewellery
 j - an uncursed amulet of regeneration {unknown}
 p - an uncursed ring of fire
 u - a ring of poison resistance (left hand)
 w - a cursed ring of teleportation (right hand)
Scrolls
 e - 3 scrolls of identify
 i - a scroll of enchant weapon {unknown}
 x - a scroll of amnesia
 y - a scroll of remove curse {unknown}
Potions
 h - 2 potions of brilliance
 l - a potion of magic {unknown}
 n - a potion of cancellation {unknown}
 o - a potion of curing {unknown}
 t - 2 potions of lignification {unknown}
 v - a potion of resistance {unknown}
Comestibles
 f - 7 rations


   Skills:
 - Level 1.7 Fighting
 * Level 6.7 Slings
 + Level 6.0 Crossbows
 - Level 1.3 Armour
 - Level 3.1 Dodging
 + Level 4.6 Stealth


You had 6 spell levels left.
You didn't know any spells.
Your spell library was empty.

Dungeon Overview and Level Annotations

Branches:
Dungeon (6/15)             Temple (1/1) D:6

Altars:
Ashenzari
Cheibriados
Fedhas
Gozag
Hepliaklqana
Kikubaaqudgha
Nemelex Xobeh
Qazlal
Ru
Sif Muna
Uskayaw
Vehumet
Wu Jian
Yredelemnul
Zin

Annotations:
D:2 Sigmund


Innate Abilities, Weirdness & Mutations

You are small and have problems with some larger weapons.
You are somewhat resistant to further mutation.


Message History

The orc closely misses you. The orc wizard barely misses you.
Unknown command.
Firing (i - inventory)
r - 13 stones (quivered)
Press: ? - help, Shift-Dir - straight line, f/p - orc wizard
Aim: an orc wizard, wielding a +0 dagger and wearing a +0 robe (heavily wounded, fast)
You shoot a stone.
The stone hits the orc wizard but does no damage.
The orc wizard is heavily wounded.
The leopard gecko misses you. The orc wizard barely misses you.
The orc hits you but does no damage.
The leopard gecko bites you but does no damage.
The orc throws a boomerang.
The boomerang hits you.
* * * LOW HITPOINT WARNING * * *
The weapon returns to the orc!
The orc wizard hits you with a +0 dagger.
* * * LOW HITPOINT WARNING * * *
You see here a stone.
The orc wizard casts a spell at you. The magic dart hits you!
You die...

.......................♣
.......................♣
.......................♣
..♣.♣.♣.♣.♣............♣
...............⌠.....⌠.♣
.................((....♣
.................olo...♣
.................(($...♣
...............⌠@....⌠.♣
..♣.♣.♣.♣P♣............♣
......................(♣
.......................♣
........P..............♣
...........P......(...(♣
....P..........8.....8.♣
.......................♣
♣♣♣♣♣♣♣♣♣♣♣♣♣♣♣♣♣♣♣♣♣♣♣♣


You could see an orc wizard, an orc and a leopard gecko.

Vanquished Creatures
  Grinder (D:4)
  A necrophage (D:6)
  A bullfrog (D:6)
  A howler monkey (D:4)
  An orc priest (Temple)
  2 hounds (D:4)
  A hound skeleton (D:6)
  An adder (D:3)
  2 shadow imps (D:6)
  An ooze (D:3)
  An adder skeleton (D:4)
  4 worms
  2 dart slugs
  3 leopard geckos
  5 bats
  2 giant cockroaches
  11 goblins
  7 hobgoblins
  7 jackals
  9 kobolds
  A ball python (D:2)
  5 frilled lizards
  4 rats
  A spectral orc (D:3)
74 creatures vanquished.

Notes
Turn   | Place    | Note
-------+----------+-------------------------------------------
     0 | D:1      | PentaManta the Halfling Hunter began the quest for the Orb.
     0 | D:1      | Reached XP level 1. HP: 14/14 MP: 1/1
   151 | D:1      | Reached XP level 2. HP: 19/19 MP: 2/2
   547 | D:1      | Reached XP level 3. HP: 24/24 MP: 3/3
   906 | D:2      | Reached skill level 1 in Armour
   963 | D:2      | Noticed Sigmund
  1254 | D:2      | Reached XP level 4. HP: 26/29 MP: 4/4
  1649 | D:2      | Found a stormy altar of Qazlal.
  1790 | D:2      | Found a shimmering blue altar of Sif Muna.
  2146 | D:3      | Reached skill level 1 in Slings
  2162 | D:3      | Found a faded altar of an unknown god.
  2491 | D:3      | Found a glowing silver altar of Zin.
  2551 | D:3      | Found a basalt altar of Yredelemnul.
  2646 | D:4      | Noticed Grinder
  2653 | D:4      | Killed Grinder
  2653 | D:4      | Reached skill level 5 in Crossbows
  2653 | D:4      | Reached XP level 5. HP: 34/34 MP: 5/5
  2653 | D:4      | Reached XP level 6. HP: 39/39 MP: 6/6
  2725 | D:4      | Found a sacrificial altar of Ru.
  2789 | D:4      | Found an ornate altar of the Wu Jian Council.
  2809 | D:4      | Reached skill level 5 in Slings
  2969 | D:4      | Reached XP level 7. HP: 39/44 MP: 7/7
  2996 | D:4      | You fall into a shaft and drop 2 floors!
  3222 | D:6      | Found a staircase to the Ecumenical Temple.
  3231 | Temple   | Entered the Ecumenical Temple
  3587 | Temple   | Killed from afar by an orc wizard

Levels and vault maps discovered:
D:1:      onia_arrival_pyramid, layout_basic
D:2:      layout_basic, led_sif_pool, grunt_qazlal_clouds, first_ration,
          uniq_sigmund
D:3:      layout_rooms, zin_statuary, yredelemnul_forgotten_temple_becter,
          chequers_ecumenical_altar_simple_redux
D:4:      layout_gridville, kennysheep_mini, nicolae_ru_the_path_less_chosen,
          uniq_eustachio, uniq_menkaure, uniq_grinder, uniq_pikel
D:6:      layout_loops_ring, okawaru_altar_gauntlet_db,
          minmay_temple_entry_junction
Temple:   jpeg_temple_alley_garden

Skill      XL: |  1  2  3  4  5  6  7 |
---------------+----------------------+-----
Stealth        | 2 3 4 |  4.6
Armour         | 1 |  1.3
Dodging        | 3 |  3.1
Slings         | 4 5 6 |  6.7
Crossbows      | 5 6 |  6.0
Fighting       | |  1.7

Action                   |  1- 3 |  4- 6 |  7- 9 || total
-------------------------+-------+-------+-------++-------
 Fire: Hand crossbow     |    85 |     4 |       ||    89
       Hunting sling     |       |   124 |    90 ||   214
  Use: Scroll            |       |     5 |       ||     5
  Eat: Chunk             |       |     3 |       ||     3
       Ration            |       |     1 |       ||     1
Armor: Leather armour    |     2 |    12 |    22 ||    36
Dodge: Dodged            |    21 |    35 |    75 ||   131
